 Dungeon Crawl Stone Soup version 0.24.0-13-gcf9b3192b9 (webtiles) character file.

Game seed: 3095308416061993336, levelgen mode: deterministic

2517 Matador8 the Sneak (level 9, -2/70 HPs)
             Began as a Naga Fire Elementalist on Nov 7, 2019.
             Was a Believer of Cheibriados.
             Slain by a troll (7 damage)
             ... on level 9 of the Dungeon.
             The game lasted 01:14:46 (10361 turns).

Matador8 the Sneak (Naga Fire Elementalist)        Turns: 10361, Time: 01:14:49

Health: -2/70      AC: 10    Str: 15    XL:     9   Next: 54%
Magic:  5/15       EV: 10    Int: 23    God:    Cheibriados [**....]
Gold:   467        SH:  0    Dex: 15    Spells: 3/16 levels left

rFire    . . .     SeeInvis +   a - +2 spear (venom)
rCold    . . .     Gourm    .   (no shield)
rNeg     . . .     Faith    .   n - +0 robe
rPois    +         Spirit   .   t - +0 helmet
rElec    .         Reflect  .   (no cloak)
rCorr    .         Harm     .   f - +1 pair of gloves
MR       +....                  (no barding)
Stlth    ++++......             (no amulet)
HPRegen  0.21/turn              k - +3 ring of protection (curse)
MPRegen  0.14/turn              (no ring)

@: about to teleport, very slow
A: large, see invisible, deformed body, poison resistance, slowness 2, slow
metabolism 1, spit poison 1, AC +3
a: Spit Poison, Bend Time, Renounce Religion


You were on level 9 of the Dungeon.
You worshipped Cheibriados.
Cheibriados was pleased with you.
You were not hungry.

You visited 1 branch of the dungeon, and saw 9 of its levels.

You collected 467 gold pieces.

Inventory:

Hand Weapons
 a - a +2 spear of venom (weapon)
 b - a +0 spear of freezing
 g - a +0 halberd
 u - a +0 trident
 C - a +0 long sword of draining
Armour
 f - a +1 pair of gloves (worn)
 j - a +0 leather armour
 n - a +0 robe (worn)
 t - a +0 helmet (worn)
Jewellery
 k - a cursed +3 ring of protection (left hand)
Wands
 r - a wand of random effects (21)
 y - a wand of disintegration (10)
 z - a wand of polymorph (11)
 B - a wand of enslavement (9)
Scrolls
 e - 5 scrolls of identify
 h - 3 scrolls of remove curse
 i - a scroll of fear
 m - 4 scrolls of teleportation
 x - a scroll of amnesia
 D - 2 scrolls of enchant weapon {unknown}
Potions
 d - a potion of lignification
 l - a potion of curing {unknown}
 o - a potion of ambrosia {unknown}
 p - 2 potions of haste
 q - 2 potions of brilliance {unknown}
 s - 3 potions of cancellation
 v - a potion of agility
 w - 2 potions of resistance
 A - a potion of magic {unknown}
Comestibles
 c - 13 rations


   Skills:
 + Level 1.0 Fighting
 - Level 3.0 Polearms
 - Level 1.5 Dodging
 - Level 7.1 Stealth
 - Level 4.4 Spellcasting
 - Level 7.1 Conjurations
 - Level 3.0 Translocations
 - Level 7.0 Fire Magic
 + Level 2.7 Invocations


You had 3 spell levels left.
You knew the following spells:

 Your Spells              Type           Power        Failure   Level  Hunger
a - Flame Tongue          Conj/Fire      #####        1%          1    None
b - Conjure Flame         Conj/Fire      #####...     1%          3    ##.....
c - Blink                 Tloc           N/A          4%          2    None
d - Throw Flame           Conj/Fire      #####.       1%          2    None
e - Fireball              Conj/Fire      #####.....   16%         5    #####..

Your spell library contained the following spells:

 Spells                   Type           Power        Failure   Level  Hunger
 Magic Dart               Conj           ####         1%          1    None
 Inner Flame              Hex/Fire       ###.....     7%          3    ##.....
 Mephitic Cloud           Conj/Pois/Air  ###.....     12%         3    ##.....
 Call Imp                 Summ           #.......     16%         2    None
 Slow                     Hex            #.......     16%         2    None
 Sticky Flame             Conj/Fire      #####...     5%          4    ####...
 Summon Lightning Spire   Summ/Air       #.......     69%         4    ####...
 Silence                  Hex/Air        #.........   95%         5    #####..
 Conjure Ball Lightning   Conj/Air       ###.......   98%         6    #######
 Deflect Missiles         Chrm/Air       #.........   100%        6    #######
 Tornado                  Air            #.........   100%        9    #######


Dungeon Overview and Level Annotations

Branches:
Dungeon (9/15)             Temple (0/1) D:6             Orc (0/2) D:9
   Lair: D:8-11

Altars:
Cheibriados
Dithmenos
Gozag
Nemelex Xobeh
Ru
Sif Muna
Trog
Uskayaw
Wu Jian

Shops:
D:4 =

Annotations:
D:6 2 runed translucent doors, Sigmund; gohu's ghost, novice GrGl


Innate Abilities, Weirdness & Mutations

You cannot wear boots.
Your serpentine skin is tough. (AC +3)
You have supernaturally acute eyesight. (SInv)
Armour fits poorly on your strangely shaped body.
Your system is resistant to poisons. (rPois)
You cover ground very slowly.
You have a slow metabolism.
You can spit poison.


Message History

Aim: a troll (lightly wounded, slow)
The flame tongue hits the troll!
The troll is moderately wounded.
You have got your breath back.
Casting: Flame Tongue (safe; 1% risk of failure)
Confirm with . or Enter, or press ? or * to list all spells.
Aiming: Flame Tongue (safe; 1% risk of failure)
Press: ? - help, Shift-Dir - straight line, f/p - troll
Aim: a troll (moderately wounded, slow)
The flame tongue hits the troll.
The troll is moderately wounded.
The troll bites you! The troll claws you!
The troll claws you but does no damage.
As you read the scroll of teleportation, it crumbles to dust.
You feel strangely unstable. The troll bites you!
* * * LOW HITPOINT WARNING * * *
The troll claws you.
* * * LOW HITPOINT WARNING * * *
The troll claws you!
You die...

...<.(..# .######.#
.######.##########
.................#
>.#.###..#######.# ..#.#
#..# #.# ....# #..# #.#
.######..# #.#
...._....#######@##.
.................T..#
############.###........
# #.# #........ #.#
#.>###### #.###.##
##########..##.#
#.......###.##.#
#.#####.###.##.####


You could see a troll.

Vanquished Creatures
  2 hippogriffs
  2 orc warriors
  2 phantoms
  A sky beast (D:5)
  2 necrophages (D:8)
  A centaur (D:5)
  2 big kobolds (D:8)
  A bullfrog (D:8)
  A water moccasin zombie (D:5)
  A water moccasin skeleton (D:7)
  2 scorpions
  A crimson imp (D:5)
  A quasit (D:8)
  A hound (D:7)
  2 jellies
  3 bullfrog skeletons (D:8)
  4 orc priests
  4 centaur skeletons
  An iguana (D:4)
  6 worker ants
  4 orc wizards
  A hound zombie (D:5)
  7 gnolls (D:3)
  9 adders
  A howler monkey skeleton (D:8)
  A shadow imp (D:4)
  An adder zombie (D:4)
  3 adder skeletons (D:5)
  4 worms
  2 dart slugs (D:1)
  4 leopard geckos
  23 orcs
  8 giant cockroaches
  5 goblins
  6 hobgoblins
  12 jackals
  14 kobolds
  2 quokkas
  10 bats
  3 frilled lizards
  A giant cockroach zombie (D:5)
  A jackal skeleton (D:8)
  A leopard gecko skeleton (D:4)
  6 rats
169 creatures vanquished.

Notes
Turn   | Place    | Note
-------+----------+-------------------------------------------
     0 | D:1      | Matador8 the Naga Fire Elementalist began the quest for the
                  | Orb.
     0 | D:1      | Reached XP level 1. HP: 15/15 MP: 3/3
   163 | D:1      | Reached XP level 2. HP: 18/22 MP: 5/5
  1104 | D:2      | Reached XP level 3. HP: 25/28 MP: 6/6
  1138 | D:2      | Learned a level 3 spell: Conjure Flame
  1738 | D:2      | Reached XP level 4. HP: 14/36 MP: 4/7
  2724 | D:3      | Reached XP level 5. HP: 35/42 MP: 6/8
  3056 | D:3      | Found a shimmering blue altar of Sif Muna.
  3144 | D:3      | Reached skill level 1 in Polearms
  3617 | D:4      | Reached XP level 6. HP: 25/49 MP: 9/9
  3823 | D:4      | Learned a level 2 spell: Blink
  3857 | D:4      | Noticed a phantom
  3935 | D:4      | Noticed a +0 hand axe
  3935 | D:4      | Noticed a +0 hand axe
  3940 | D:4      | Found a hide-covered altar of Uskayaw.
  4012 | D:4      | Found a bloodstained altar of Trog.
  4103 | D:4      | Killed a phantom
  4103 | D:4      | Reached skill level 5 in Stealth
  4103 | D:4      | Reached skill level 1 in Translocations
  4240 | D:4      | Found Jyem's Jewellery Shop.
  4420 | D:5      | Entered Level 5 of the Dungeon
  4481 | D:5      | Noticed a sky beast
  4506 | D:5      | Reached XP level 7. HP: 22/55 MP: 7/10
  5353 | D:5      | Found an ornate altar of the Wu Jian Council.
  5563 | D:5      | Reached skill level 5 in Fire Magic
  5751 | D:5      | Found a snail-covered altar of Cheibriados.
  5901 | D:5      | Became a worshipper of Cheibriados the Contemplative
  5967 | D:6      | Found a sparkling altar of Nemelex Xobeh.
  5988 | D:6      | Noticed Sigmund
  6064 | D:6      | Reached XP level 8. HP: 38/62 MP: 9/11
  6655 | D:6      | Found an opulent altar of Gozag.
  6715 | D:6      | Found a large runed translucent door.
  6715 | D:6      | Found a large runed translucent door.
  6716 | D:6      | Noticed gohu's ghost (novice GrGl)
  6888 | D:6      | Reached skill level 5 in Conjurations
  6916 | D:6      | Found a staircase to the Ecumenical Temple.
  7516 | D:7      | Reached * piety under Cheibriados
  7652 | D:7      | Learned a level 2 spell: Throw Flame
  7845 | D:7      | Noticed a hippogriff
  7866 | D:7      | Killed a hippogriff
  8544 | D:8      | Reached XP level 9. HP: 58/68 MP: 4/15
  8678 | D:8      | Reached skill level 1 in Invocations
  9034 | D:8      | Learned a level 5 spell: Fireball
  9472 | D:8      | Reached ** piety under Cheibriados
  9958 | D:9      | Found a sacrificial altar of Ru.
 10087 | D:9      | Found a shadowy altar of Dithmenos.
 10138 | D:9      | Reached skill level 1 in Fighting
 10350 | D:9      | Found a staircase to the Orcish Mines.
 10352 | D:9      | Noticed a troll
 10361 | D:9      | Slain by a troll

Levels and vault maps discovered:
D:1:      minmay_arrival_arboretum_small, layout_basic
D:2:      layout_basic
D:3:      layout_rooms, nicolae_overflow_hidden_temple, first_ration,
          dk_vineyard_2, wander_ebering_terrifying_dragon_lair
D:4:      layout_rooms, lightli_temple_of_fire, dancing_weapons_uskayaw,
          serial_shops, shop
D:5:      layout_rooms, lemuel_doored_altar, cheibrodos_worm_habitat
D:6:      layout_gridville, nicolae_gozag_seed_capital, old_standard_altar,
          minmay_temple_entry_gardened_gates, ebering_ghost_disaster_area,
          minmay_tree_intersection, uniq_sigmund
D:7:      layout_loops_cross, chequers_serial_rivers_small_b
D:8:      layout_rooms
D:9:      layout_loops_ring, overflow_temple_1_default,
          nicolae_ru_sacrificial_ziggurat, nicolae_ashenzari_panopticon,
          orc_0_dummy, hangedman_fish_farm

Skill      XL: |  1  2  3  4  5  6  7  8  9 |
---------------+----------------------------+-----
Conjurations   | 2 3 4 6 7 |  7.1
Stealth        | 4 5 6 7 |  7.1
Fire Magic     | 4 5 6 7 |  7.0
Polearms       | 1 2 3 |  3.0
Translocations | 2 3 |  3.0
Spellcasting   | 4 |  4.4
Invocations    | 2 |  2.7
Fighting       | 1 |  1.0
Dodging        | |  1.5

Action                   |  1- 3 |  4- 6 |  7- 9 || total
-------------------------+-------+-------+-------++-------
Melee: Spear             |    57 |   155 |   300 ||   512
 Cast: Flame Tongue      |    17 |    42 |    96 ||   155
       Conjure Flame     |       |     7 |    13 ||    20
       Blink             |       |       |     1 ||     1
       Throw Flame       |       |       |     1 ||     1
Invok: Bend Time         |       |       |     9 ||     9
 Abil: Spit Poison       |    11 |    27 |    42 ||    80
  Use: Potion            |       |     2 |     3 ||     5
       Scroll            |       |       |    15 ||    15
 Stab: Sleeping          |     6 |     3 |     7 ||    16
  Eat: Chunk             |     1 |    11 |     7 ||    19
       Ration            |       |       |     3 ||     3
Armor: Robe              |    10 |    33 |    93 ||   136
       Skin              |       |     8 |       ||     8
Dodge: Dodged            |    29 |    68 |   157 ||   254
